 Dungeon Crawl Stone Soup version 0.26.1-2-gb8aa6d0cf2 (webtiles) character file.

Game seed: 14716104712809689498

2753 ubername the Cleaver (level 9, -1/75 HPs)
             Began as a Hill Orc Monk on Mar 16, 2021.
             Was a Priest of Beogh (penitent).
             Slain by an orc warrior
             ... wielding a +2 trident of venom
             ... led by the wrath of Beogh
              (28 damage)
             ... on level 7 of the Dungeon.
             The game lasted 00:24:00 (8462 turns).

ubername the Cleaver (Hill Orc Monk)                Turns: 8462, Time: 00:24:06

Health: -1/75      AC:  6    Str: 15    XL:     9   Next: 68%
Magic:  14/14      EV: 12    Int: 18    God:    Beogh [*]
Gold:   390        SH:  4    Dex: 15    Spells: 15/15 levels left

rFire    . . .     SeeInvis .   x - +2 war axe (vamp)
rCold    . . .     Faith    .   e - +0 buckler
rNeg     . . .     Spirit   .   j - +0 leather armour
rPois    .         Reflect  .   (no helmet)
rElec    .         Harm     .   (no cloak)
rCorr    .         Rampage  .   c - +2 pair of gloves
Will     .....                  (no boots)
Stlth    ++........             b - amulet of regeneration
HPRegen  0.62/turn              k - ring of wizardry
MPRegen  0.14/turn              t - +6 ring of intelligence

@: lethally poisoned (-1 -> -3)
A: agile 1, blurry vision 1
a: Renounce Religion


You were on level 7 of the Dungeon.
You worshipped Beogh.
Beogh was demanding penance.
You visited 1 branch of the dungeon, and saw 7 of its levels.

You collected 512 gold pieces.
You spent 122 gold pieces at shops.

Inventory:

Hand Weapons
 x - a +2 vampiric war axe (weapon)
 D - the +6 fustibalus of Wigrus {vorpal, rPois rF++ rN+ Int-2}
   (You found it on level 7 of the Dungeon)

   Any stone fired from it inflicts extra damage.
   It affects your intelligence (-2).
   It greatly protects you from fire.
   It protects you from poison.
   It protects you from negative energy.
Missiles
 d - 119 stones
 h - 2 curare-tipped darts (quivered)
 w - 26 poisoned darts
Armour
 c - a +2 pair of gloves (worn)
 e - a +0 buckler (worn)
 j - a +0 leather armour (worn)
 r - a +3 scale mail
 y - a +0 plate armour
 E - +0 steam dragon scales
Jewellery
 b - an amulet of regeneration (around neck)
 k - a ring of wizardry (left hand)
 q - an uncursed ring of flight
 t - a +6 ring of intelligence (right hand)
 z - an uncursed ring of willpower
Wands
 l - a wand of disintegration (4)
 n - a wand of paralysis (13)
 s - a wand of enslavement (4)
 u - a wand of polymorph (7)
Scrolls
 a - 2 scrolls of remove curse
 g - 4 scrolls of teleportation
 i - a scroll of enchant armour
 m - 3 scrolls of fog
 p - 2 scrolls of identify
 A - a scroll of enchant weapon
Potions
 o - a potion of might
 v - 5 potions of curing
 B - a potion of mutation


   Skills:
 + Level 6.2 Fighting
 + Level 10.0 Axes
 + Level 0.3 Throwing
 + Level 3.6 Armour
 - Level 2.7 Dodging
 + Level 3.4 Stealth
 + Level 2.5 Shields
 * Level 3.5 Spellcasting
 * Level 5.8 Invocations
 * Level 4.1 Evocations


You had 15 spell levels left.
You didn't know any spells.
Your spell library contained the following spells:

 Spells                   Type           Power        Failure   Level
 Beastly Appendage        Tmut           6%           9%          1
 Wereblood                Tmut           3%           14%         2
 Spider Form              Tmut/Pois      1%           26%         3
 Ice Form                 Ice/Tmut       3%           63%         4
 Blade Hands              Tmut           1%           91%         5


Dungeon Overview and Level Annotations

Branches:
Dungeon (7/15)             Temple (0/1) D:7

Altars:
Dithmenos
Hepliaklqana
Kikubaaqudgha
Qazlal
Sif Muna
Trog
Xom
Yredelemnul
Zin

Shops:
D:5 (


Innate Abilities, Weirdness & Mutations

You are agile. (Dex +2)
Scrolls take you a little longer to read.


Message History

The helpless orc knight fails to defend itself.
You hit the orc knight but do no damage.
You feel sick.
You closely miss the orc warrior.
The orc warrior is heavily wounded.
The helpless orc knight fails to defend itself.
You slash the orc knight!
You feel sick.
The orc warrior hits you but does no damage.
You hit the orc warrior but do no damage.
The orc warrior is heavily wounded.
The helpless orc knight fails to defend itself.
You hit the orc knight but do no damage.
You feel sick. The orc warrior closely misses you.
You hit the orc warrior but do no damage.
The orc warrior is heavily wounded.
The helpless orc knight fails to defend itself.
You slash the orc knight!
You feel better.
You feel sick.
The orc warrior hits you with a +2 trident of venom!!
You die...
Beogh appreciates the orc warrior's killing of a heretic priest.

#....#...#.......
#....#...#.......
##....#..####..##.
#.....#..########.
#.....'...........
#####.....#...........
#.........#...........
############.###.....##+.########
#...............@o.......o)..<...
#.#.......#......o#.......#......
#......#......#......#...........
#....#.....#.....#.....#.........
#...#....#....#....#....#........
#.#...#...#...#...#...#...#.))...
#....#..#..#..#..#..#..#...######
#.#.#.#.#.#.#.#.#.#.#.#.#.#......
#.#o##.##.##.###.##.##.##.#......


You could see an orc knight (paralysed) and an orc warrior (strong).

Vanquished Creatures
  A wyvern (D:6)
  A steam dragon (D:7)
  3 water moccasins
  An orc warrior (D:7)
  A black bear (D:6)
  2 ice beasts
  4 centaurs
  2 ogres
  A big kobold (D:5)
  3 bullfrogs
  A water moccasin zombie (D:2)
  4 scorpions
  A howler monkey (D:6)
  A bullfrog zombie (D:6)
  A quasit (D:6)
  An orc priest (D:7)
  A gnoll shaman (D:6)
  2 bullfrog skeletons
  2 hounds
  Terence (D:2)
  An iguana (D:5)
  An orc wizard (D:7)
  5 worker ants
  A killer bee zombie (D:6)
  2 hound skeletons
  5 gnolls
  9 adders
  3 white imps (D:6)
  2 ufetubi
  An ooze (D:1)
  2 adder skeletons (D:6)
  4 worms
  4 leopard geckos
  12 orcs
  9 bats
  6 giant cockroaches
  22 goblins
  4 hobgoblins
  16 jackals
  2 quokkas (D:5)
  2 ball pythons
  2 frilled lizards
  12 kobolds
  2 leopard gecko zombies
  A quokka skeleton (D:6)
  11 rats
175 creatures vanquished.

Vanquished Creatures (collateral kills)
  An ogre (D:6)
  A bullfrog (D:6)
  A jelly (D:6)
  2 adders
  A white imp (D:6)
  A quokka skeleton (D:6)
7 creatures vanquished.

Vanquished Creatures (others)
  2 orc warriors (D:7)
  4 orcs
6 creatures vanquished.

Grand Total: 188 creatures vanquished

Notes
Turn   | Place    | Note
-------+----------+-------------------------------------------
     0 | D:1      | ubername the Hill Orc Monk began the quest for the Orb.
     0 | D:1      | Reached XP level 1. HP: 19/19 MP: 1/1
   349 | D:1      | Reached XP level 2. HP: 18/27 MP: 2/2
   817 | D:1      | Reached XP level 3. HP: 33/33 MP: 3/3
  1631 | D:2      | Reached skill level 1 in Invocations
  1631 | D:2      | Reached XP level 4. HP: 32/40 MP: 4/4
  1755 | D:2      | Reached skill level 5 in Axes
  1755 | D:2      | Reached skill level 1 in Evocations
  2049 | D:2      | Noticed Terence
  2063 | D:2      | Reached XP level 5. HP: 44/46 MP: 6/6
  2177 | D:2      | Killed Terence
  2178 | D:2      | Reached skill level 1 in Shields
  2178 | D:2      | Reached skill level 1 in Spellcasting
  2716 | D:3      | Gained mutation: Your body sometimes deteriorates upon
                  | taking damage. [potion of mutation]
  2716 | D:3      | Gained mutation: You have a pair of small horns on your
                  | head. [potion of mutation]
  2757 | D:3      | Found a basalt altar of Yredelemnul.
  2983 | D:3      | Became a worshipper of Beogh the Brigand
  2983 | D:3      | Reached * piety under Beogh
  2983 | D:3      | Reached ** piety under Beogh
  3268 | D:3      | Found a shimmering blue altar of Sif Muna.
  3425 | D:3      | Found a hazy altar of Hepliaklqana.
  3426 | D:3      | Found an ancient bone altar of Kikubaaqudgha.
  3428 | D:3      | Found a shimmering altar of Xom.
  3431 | D:3      | Found a glowing silver altar of Zin.
  3432 | D:3      | Found a shimmering blue altar of Sif Muna.
  3437 | D:3      | Found a bloodstained altar of Trog.
  3575 | D:4      | Reached XP level 6. HP: 52/52 MP: 6/8
  3952 | D:4      | Reached skill level 5 in Fighting
  3952 | D:4      | Reached skill level 6 in Axes
  3952 | D:4      | Reached XP level 7. HP: 51/61 MP: 9/9
  4077 | D:4      | Found a shadowy altar of Dithmenos.
  4365 | D:5      | Entered Level 5 of the Dungeon
  4397 | D:5      | Reached skill level 1 in Armour
  4640 | D:5      | Reached XP level 8. HP: 58/68 MP: 11/11
  4775 | D:5      | Reached skill level 7 in Axes
  4979 | D:5      | Found Kuiry Xuleacs's Weapon Emporium.
  4987 | D:5      | Bought a +1 vorpal war axe for 122 gold pieces
  5118 | D:5      | Reached *** piety under Beogh
  5580 | D:6      | Reached skill level 8 in Axes
  5922 | D:6      | Found a stormy altar of Qazlal.
  6011 | D:6      | Lost mutation: Your body sometimes deteriorates upon taking
                  | damage. [potion of mutation]
  6011 | D:6      | Lost mutation: You have a pair of small horns on your head.
                  | [potion of mutation]
  6011 | D:6      | Gained mutation: You are weak. (Str -2) [potion of
                  | mutation]
  6011 | D:6      | Lost mutation: You are weak. (Str -2) [potion of mutation]
  6011 | D:6      | Gained mutation: Scrolls take you a little longer to read.
                  | [potion of mutation]
  6011 | D:6      | Gained mutation: You are agile. (Dex +2) [potion of
                  | mutation]
  6095 | D:6      | Noticed a wyvern
  6119 | D:6      | Killed a wyvern
  6215 | D:6      | Reached XP level 9. HP: 60/75 MP: 13/13
  6285 | D:6      | Reached skill level 9 in Axes
  6285 | D:6      | Reached skill level 5 in Invocations
  6762 | D:6      | Reached **** piety under Beogh
  6990 | D:6      | Gained Bladwarg as an ally
  7262 | D:7      | Got a fine fustibalus
  7469 | D:7      | Identified the +6 fustibalus of Wigrus {vorpal, rPois rF++
                  | rN+ Int-2} (You found it on level 7 of the Dungeon)
  7703 | D:7      | Was placed under penance by Beogh
  7760 | D:7      | Noticed an orc knight
  7777 | D:7      | Your ally Bladwarg died
  7917 | D:7      | Found a staircase to the Ecumenical Temple.
  8246 | D:7      | Reached skill level 10 in Axes
  8444 | D:7      | Noticed an orc knight
  8462 | D:7      | Slain by an orc warrior

Illustrated notes

Levels and vault maps discovered:
D:1:      minmay_arrival_doors, layout_basic
D:2:      layout_loops_ring, uniq_terence
D:3:      layout_loops_ring, lemuel_round_altar, minitemple, chequers_garden,
          led_sif_pool
D:4:      layout_loops_ring, kennysheep_mini, minmay_ogre_servants
D:5:      layout_cave_pools, serial_shops, shop, gup_sewer_entry_spiral,
          chequers_serial_rivers_small_a
D:6:      kennysheep_windowed_halls, layout_gridville,
          nicolae_overflow_crystal_walls, kennysheep_crisscross,
          minmay_fractal_squares_diagonal_5
D:7:      layout_gridville, minmay_temple_entry_from_below_a,
          minmay_increasing_density

Skill      XL: |  1  2  3  4  5  6  7  8  9 |
---------------+----------------------------+-----
Invocations    | 1 2 3 4 5 |  5.8
Fighting       | 4 5 6 |  6.2
Axes           | 5 6 8 10 | 10.0
Stealth        | 2 3 |  3.4
Evocations     | 1 2 3 4 |  4.1
Shields        | 1 2 |  2.5
Spellcasting   | 1 2 3 |  3.5
Armour         | 1 3 |  3.6
Throwing       | |  0.3
Dodging        | |  2.7

Action                   |  1- 3 |  4- 6 |  7- 9 || total
-------------------------+-------+-------+-------++-------
Melee: Hand axe          |   137 |   141 |    90 ||   368
       Headbutt          |       |    15 |    30 ||    45
       War axe           |       |       |   259 ||   259
Throw: Dart              |       |     2 |     1 ||     3
Invok: Convert to Beogh  |       |     1 |       ||     1
       Smiting           |       |       |     1 ||     1
Evoke: Wand              |       |       |     8 ||     8
  Use: Scroll            |     1 |       |    14 ||    15
       Potion            |       |     2 |     7 ||     9
 Stab: Sleeping          |     3 |     3 |     8 ||    14
       Paralysed         |       |       |     4 ||     4
Armor: Robe              |    25 |    21 |       ||    46
       Leather armour    |       |    16 |    85 ||   101
Dodge: Dodged            |    76 |    76 |   184 ||   336
Block: Buckler           |    24 |    16 |    52 ||    92
